 Dungeon Crawl Stone Soup version 0.21.1-1-g345015f (webtiles) character file.

326 fishrc the Skirmisher (level 6, -1/48 HPs)
             Began as a Demonspawn Abyssal Knight on June 1, 2018.
             Was a Priest of Lugonu.
             Killed from afar by an orc wizard (20 damage)
             ... with an exploding inner flame
             ... hexed by the player character
             ... on level 4 of the Dungeon.
             The game lasted 00:27:13 (3612 turns).

fishrc the Skirmisher (Demonspawn Abyssal Knight)   Turns: 3612, Time: 00:27:14

Health: -1/48      AC: 14    Str: 14    XL:     6   Next: 24%
Magic:  7/7        EV:  6    Int: 13    God:    Lugonu [***...]
Gold:   61         SH:  0    Dex: 13    Spells: 5/5 levels left

rFire    . . .     SeeInvis .   a - +2 spear
rCold    . . .     Gourm    .   (no shield)
rNeg     . . .     Faith    .   J - +0 chain mail
rPois    .         Spirit   .   u - +1 helmet
rElec    .         Reflect  .   (no cloak)
rCorr    +         Harm     .   l - +2 pair of gloves
MR       .....                  (no boots)
Stlth    ..........             y - amulet of regeneration
HPRegen  0.56/turn              n - ring of resist corrosion
MPRegen  0.10/turn              c - ring of stealth

@: about to teleport, drained
A: hooves 1, powered by death 1, spiny 2
a: Depart the Abyss, Bend Space, Banish, Renounce Religion


You were on level 4 of the Dungeon.
You worshipped Lugonu.
Lugonu was most pleased with you.
You were not hungry.

You visited 1 branch of the dungeon, and saw 4 of its levels.
You visited the Abyss 1 time.

You collected 61 gold pieces.

Inventory:

Hand Weapons
 a - a +2 spear (weapon)
 j - a cursed -1 whip
 m - a +0 dagger
 o - a cursed -2 club
 p - a +0 mace
 w - a +0 trident
 A - a +0 dagger of draining
 E - a +0 club
 K - a +2 dagger of venom
Missiles
 g - 52 bolts
 h - 93 stones (quivered)
 B - 3 tomahawks
 D - 20 sling bullets
 H - 22 arrows
Armour
 b - a +0 leather armour
 l - a +2 pair of gloves (worn)
 r - a +0 ring mail
 s - a +0 helmet
 t - a +0 ring mail
 u - a +1 helmet (worn)
 v - a +0 leather armour
 x - a +0 leather armour
 J - a +0 chain mail (worn)
Jewellery
 c - a ring of stealth (right hand)
 n - a ring of resist corrosion (left hand)
 y - an amulet of regeneration (around neck)
 M - a cursed -5 ring of dexterity {unknown}
Wands
 F - a wand of enslavement (15)
Scrolls
 f - 2 scrolls of teleportation
 q - 4 scrolls of identify
 z - 2 scrolls of remove curse
 G - 3 scrolls of enchant armour
Potions
 d - 2 potions of heal wounds {unknown}
 e - a potion of lignification {unknown}
 i - a potion of flight {unknown}
 k - a potion of magic {unknown}
Comestibles
 L - 2 rations


   Skills:
 + Level 4.1(3.6) Fighting
 + Level 3.6(3.2) Polearms
 + Level 3.8(3.3) Armour
 + Level 1.7(1.2) Dodging
 + Level 0.7(0.2) Stealth
 + Level 2.5(2.1) Invocations


You had 5 spell levels left.
You didn't know any spells.

Dungeon Overview and Level Annotations

Branches:
Dungeon (4/15)
 Temple: D:4-7

Altars:
Hepliaklqana
Vehumet

Annotations:
D:4 Grinder


Innate Abilities, Weirdness & Mutations

You have large cloven feet.
You regenerate a little health from kills.
You are mostly covered in sharp spines.


Message History

Deactivating autopickup; reactivate with Ctrl-A.
As you read the scroll labeled KOLIGR XUMAHOWE, it crumbles to dust.
It is a scroll of enchant armour.
Your +0 helmet glows green for a moment.
Something hits you but does no damage.
The orc priest looks encouraged for a moment.
As you read the scroll labeled SOSUOX KOES, it crumbles to dust.
The creatures around you are filled with an inner flame!
It was a scroll of immolation.
Something hits you but does no damage. Grinder gestures at you.
Pain shoots through your body!
As you read the scroll of teleportation, it crumbles to dust.
You feel strangely unstable.
The fiery explosion engulfs the orc priest.
The orc priest explodes!
The fiery explosion engulfs the orc.
The orc explodes!
Lugonu accepts your kill. x2
The fiery explosion engulfs you!
You die...

#.# #.# ##.##
####...#########.#..
+......§§§..........
##.....§§§..####....
#.#####§##.# . #.#
#§##.# #.# #@##.# #.#
#.##.# #.
#.#####5##.#
#.######.......##.#
##.#...............#
##..........####.####
......<......>...#
##......###.######
#..#...# #.#


You could see Grinder (inner flame).

Vanquished Creatures
  A howler monkey (D:4)
  An orc priest (D:4)
  3 jellies (D:2)
  Robin (D:2)
  2 adders (D:3)
  8 oozes
  A worm (D:3)
  A dart slug (D:3)
  3 leopard geckos
  10 orcs
  A ball python (D:3)
  7 bats
  2 giant cockroaches (D:3)
  17 goblins
  6 hobgoblins
  5 jackals
  13 kobolds
  4 frilled lizards
  2 rats
88 creatures vanquished.

Vanquished Creatures (others)
  2 fungi (D:2)
  13 toadstools (D:2)
15 creatures vanquished.

Grand Total: 103 creatures vanquished

Notes
Turn   | Place    | Note
-------+----------+-------------------------------------------
     0 | Abyss:1  | fishrc the Demonspawn Abyssal Knight began the quest for the Orb.
     0 | Abyss:1  | Reached XP level 1. HP: 18/18 MP: 2/2
    31 | D:1      | Escaped the Abyss
   700 | D:1      | Gained mutation: You are partially covered in sharp spines. [demonic ancestry]
   700 | D:1      | Reached XP level 2. HP: 22/24 MP: 3/3
   885 | D:1      | You fall through a shaft!
   885 | D:2      | Noticed Robin
   904 | D:2      | Gained mutation: You regenerate a little health from kills. [demonic ancestry]
   904 | D:2      | Reached XP level 3. HP: 27/30 MP: 4/4
   911 | D:2      | Killed Robin
  1015 | D:2      | Found a radiant altar of Vehumet.
  1042 | D:2      | Reached ** piety under Lugonu
  1212 | D:2      | Reached skill level 1 in Dodging
  1778 | D:2      | Reached XP level 4. HP: 35/37 MP: 5/5
  1804 | D:2      | Gained mutation: You have large cloven feet. [demonic ancestry]
  1804 | D:2      | Reached XP level 5. HP: 27/42 MP: 6/6
  2612 | D:3      | Reached skill level 4 in Fighting
  3142 | D:3      | Reached *** piety under Lugonu
  3297 | D:3      | Found a hazy altar of Hepliaklqana.
  3511 | D:4      | Noticed Grinder
  3511 | D:4      | Paralysed by Grinder for 5 turns
  3520 | D:4      | Paralysed by Grinder for 5 turns
  3531 | D:4      | Paralysed by Grinder for 7 turns
  3575 | D:4      | Gained mutation: You are mostly covered in sharp spines. [demonic ancestry]
  3575 | D:4      | Reached XP level 6. HP: 48/48 MP: 7/7
  3605 | D:4      | Paralysed by Grinder for 3 turns
  3612 | D:4      | Killed from afar by an orc wizard

Skill      XL: |  1  2  3  4  5 |
---------------+----------------+-----
Polearms       | 2 3 |  3.6
Armour         | 2 3 |  3.8
Dodging        | 1 |  1.7
Fighting       | 4 |  4.1
Stealth        | |  0.7
Invocations    | |  2.5

Action                   |  1- 3 |  4- 6 || total
-------------------------+-------+-------++-------
Melee: Spear             |    81 |   133 ||   214
       Kick              |       |    28 ||    28
  Use: Scroll            |     1 |     5 ||     6
 Stab: Sleeping          |       |     1 ||     1
  Eat: Ration            |     1 |     1 ||     2
       Chunk             |       |     3 ||     3
Armor: Leather armour    |    14 |       ||    14
       Ring mail         |    39 |    19 ||    58
       Chain mail        |       |    47 ||    47
Dodge: Dodged            |    59 |    45 ||   104
